[Event "ICC tourney 2523 (60 10)"]
[Site "Internet Chess Club"]
[Date "2021.04.17"]
[Round "1"]
[White "Han, Eleanor JA:EleanorH"]
[Black "LUZGIN, ELISEY:Elisey2011"]
[Result "1-0"]
[ICCResult "Black checkmated"]
[WhiteElo "824"]
[BlackElo "590"]
[Opening "Giuoco Piano"]
[ECO "C50"]
[NIC "IG.02"]
[Time "10:24:43"]
[PlyCount "81"]
[TimeControl "3600+10"]

1. e4 e5 2. Nf3 Nc6 3. Bc4 Bc5 4. Bb3 Nf6 5. d3 h6 6. c3 O-O 7. Nbd2 d6 8.
h3 Bd7 9. Nf1 a6 10. Ng3 Ne7 11. O-O Ng6 12. Re1 c6 13. Qe2 d5 14. Bd2 Be6
15. Bc2 Bd6 16. Rad1 Re8 17. Bc1 b5 18. Nd2 Nf4 19. Qf3 Bc5 20. Nb3 Ng6 21.
Nxc5 Bc8 22. d4 exd4 23. cxd4 Re7 24. e5 Ne8 25. Bxg6 fxg6 26. Nd3 Rf7 27.
Qe3 Be6 28. Nf4 Bd7 29. e6 Re7 30. Nxg6 Rxe6 31. Qd3 Rxe1+ 32. Rxe1 Qa5 33.
Ne7+ Kh8 34. Bd2 Qxa2 35. Qg6 Qxb2 36. Bxh6 Qxd4 37. Nef5 Bxf5 38. Nxf5 Qe5
39. Rxe5 Kg8 40. Rxe8+ Rxe8 41. Qxg7# { Black checkmated } 1-0

[Event "ICC tourney 2523 (60 10)"]
[Site "Internet Chess Club"]
[Date "2021.04.17"]
[Round "1"]
[White "LIAO, ABBY:Abbyliao0216"]
[Black "VADHER, DEVAJ MAYANK:DevajVadher"]
[Result "0-1"]
[ICCResult "White checkmated"]
[WhiteElo "740"]
[BlackElo "992"]
[Opening "Caro-Kann: exchange variation"]
[ECO "B13"]
[NIC "CK.02"]
[Time "10:24:24"]
[PlyCount "56"]
[TimeControl "3600+10"]

1. e4 c6 2. d4 d5 3. exd5 cxd5 4. Nc3 e6 5. Bd3 Nf6 6. Nf3 Nc6 7. O-O Be7
8. h3 O-O 9. Re1 Bd7 10. Ng5 h6 11. Nf3 a6 12. Ne5 Nxd4 13. Bh7+ Nxh7 14.
Qxd4 Bf6 15. Qg4 Bxe5 16. Rxe5 Qf6 17. Rh5 Qg6 18. Qh4 Rac8 19. Bxh6 Rc4
20. f4 gxh6 21. Rxh6 Qg7 22. Rxh7 Qxh7 23. Qg3+ Qg7 24. Qd3 Rxf4 25. Ne2
Bb5 26. Qe3 Re4 27. Qb3 Rxe2 28. Rd1 Qxg2# { White checkmated } 0-1

[Event "ICC tourney 2523 (60 10)"]
[Site "Internet Chess Club"]
[Date "2021.04.17"]
[Round "1"]
[White "RODRIGUEZ, ANTHONY LORENZO:PlanetAntMan"]
[Black "VADIVELU, SAM G:SGVChess"]
[Result "1-0"]
[ICCResult "Black checkmated"]
[WhiteElo "579"]
[BlackElo "821"]
[Opening "King's pawn game"]
[ECO "C50"]
[NIC "IG.03"]
[Time "10:25:14"]
[PlyCount "71"]
[TimeControl "3600+10"]

1. e4 e5 2. Nf3 Nc6 3. Bc4 h6 4. O-O Nf6 5. Nc3 Bc5 6. d3 d6 7. h3 O-O 8.
a3 Bd7 9. b4 Bd4 10. Nxd4 Nxd4 11. Be3 Re8 12. Nd5 Nxd5 13. Bxd5 c6 14. Bc4
Qf6 15. Bxd4 exd4 16. a4 Qg6 17. b5 Bxh3 18. Qf3 cxb5 19. Bxb5 Re5 20. Qxh3
Rh5 21. Qf3 a6 22. Bd7 Rd8 23. Bg4 Rg5 24. Bf5 Qf6 25. c4 b5 26. cxb5 axb5
27. axb5 d5 28. Ra6 Rd6 29. Ra8+ Rd8 30. Rxd8+ Qxd8 31. Bh3 dxe4 32. Qxe4
Rxb5 33. Re1 Rb8 34. Bf5 Qe8 35. Qxe8+ Rxe8 36. Rxe8# { Black checkmated }
1-0

[Event "ICC tourney 2523 (60 10)"]
[Site "Internet Chess Club"]
[Date "2021.04.17"]
[Round "1"]
[White "GALVEZ, CONNOR HAMILTON:ConnorGalvez"]
[Black " TAM, EPHRAIM:EphraimT204"]
[Result "1-0"]
[ICCResult "Black checkmated"]
[WhiteElo "639"]
[BlackElo "836"]
[Opening "Four knights: Spanish, classical defense"]
[ECO "C48"]
[NIC "KP.03"]
[Time "10:25:14"]
[PlyCount "55"]
[TimeControl "3600+10"]

1. e4 Nf6 2. Nc3 e5 3. Nf3 Nc6 4. Bb5 Bc5 5. O-O O-O 6. d3 Re8 7. Re1 d6 8.
Nd5 Nxd5 9. exd5 a6 10. Bxc6 bxc6 11. dxc6 Bg4 12. Re4 Bf5 13. Rh4 e4 14.
dxe4 Rxe4 15. Rxe4 Bxe4 16. Nd4 Bxd4 17. Qxd4 Bxc6 18. Qg4 Qf6 19. h3 Re8
20. c3 Re1+ 21. Kh2 Qe5+ 22. Bf4 Qe2 23. Rxe1 Qxe1 24. Bd2 Qe5+ 25. Bf4 Qf6
26. Qc8+ Qd8 27. Qxd8+ Be8 28. Qxe8# { Black checkmated } 1-0

[Event "ICC tourney 2523 (60 10)"]
[Site "Internet Chess Club"]
[Date "2021.04.17"]
[Round "1"]
[White "LI, JIAMING:MingMing59"]
[Black "Seigel, Shoshana:ShoshanaS"]
[Result "0-1"]
[ICCResult "White checkmated"]
[WhiteElo "520"]
[BlackElo "810"]
[Opening "King's pawn opening"]
[ECO "B07"]
[NIC "VO.17"]
[Time "10:25:14"]
[PlyCount "106"]
[TimeControl "3600+10"]

1. e4 d6 2. Nf3 Nf6 3. Nc3 g6 4. Bc4 Bg7 5. O-O O-O 6. d3 Nc6 7. Bg5 Bg4 8.
Bxf6 Bxf3 9. Qxf3 Bxf6 10. Rae1 e5 11. Nd5 Bg5 12. g3 Nd4 13. Qd1 c6 14.
Ne3 b5 15. Bb3 a5 16. a4 b4 17. Bc4 Qf6 18. Ng4 Qf3 19. h3 Qxd1 20. Rxd1
Nf3+ 21. Kg2 Nd2 22. Rfe1 Nxc4 23. dxc4 Rfd8 24. h4 Be7 25. Nh6+ Kg7 26.
Ng4 f5 27. exf5 gxf5 28. Ne3 Kg6 29. Rf1 f4 30. gxf4 exf4 31. Ng4 Bxh4 32.
Rh1 Kg5 33. f3 Rab8 34. c5 dxc5 35. Rxd8 Rxd8 36. Ne5 Rd2+ 37. Kf1 Rxc2 38.
b3 Rc3 39. Rg1+ Kf5 40. Nf7 Rxf3+ 41. Ke2 Rxb3 42. Rh1 Kg4 43. Nh6+ Kg5 44.
Nf7+ Kh5 45. Ra1 f3+ 46. Kf1 f2 47. Nd6 Re3 48. Nf5 Re1+ 49. Kg2 Rxa1 50.
Ng7+ Kg6 51. Ne8 f1=Q+ 52. Kh2 Qf4+ 53. Kg2 Qg3# { White checkmated } 0-1

[Event "ICC tourney 2523 (60 10)"]
[Site "Internet Chess Club"]
[Date "2021.04.17"]
[Round "1"]
[White "DESHPANDE, KESHAV:keshavdesh"]
[Black "yim, zachery Austin:KingZacAttack"]
[Result "0-1"]
[ICCResult "White checkmated"]
[WhiteElo "259"]
[BlackElo "777"]
[Opening "Sicilian: closed"]
[ECO "B23"]
[NIC "SI.44"]
[Time "10:24:30"]
[PlyCount "72"]
[TimeControl "3600+10"]

1. e4 c5 2. Nc3 d6 3. Bc4 Nf6 4. Nf3 g6 5. d3 Bg7 6. Bg5 O-O 7. O-O Nc6 8.
h3 Bd7 9. Bh4 Qb6 10. Na4 Qc7 11. Ng5 e6 12. Qf3 Nd4 13. Qg3 Ne2+ 14. Kh1
Nxg3+ 15. Bxg3 Bxa4 16. b3 Bc6 17. Rfe1 b5 18. Bxe6 Nh5 19. Bg4 Nxg3+ 20.
fxg3 Bxa1 21. Rxa1 d5 22. Kh2 dxe4 23. dxe4 Qe5 24. Re1 Qxg5 25. Bf3 Rfe8
26. h4 Qd8 27. c4 bxc4 28. bxc4 Qd4 29. g4 Bxe4 30. Bxe4 Rxe4 31. Rf1 Re2
32. Kh3 Qe5 33. g3 Qb2 34. Rh1 Rd8 35. g5 f5 36. g4 Rd3# { White checkmated
} 0-1

[Event "ICC tourney 2523 (60 10)"]
[Site "Internet Chess Club"]
[Date "2021.04.17"]
[Round "1"]
[White "SCHWEITZER, ANDREW HARRISON:mrandrew"]
[Black "LODISH, NOAH JACOB:NoahJacob"]
[Result "0-1"]
[ICCResult "White resigns"]
[WhiteElo "448"]
[BlackElo "803"]
[Opening "Sicilian: Alapin's variation (2.c3)"]
[ECO "B22"]
[NIC "SI.46"]
[Time "10:24:40"]
[PlyCount "56"]
[TimeControl "3600+10"]

1. e4 c5 2. c3 g6 3. d4 cxd4 4. cxd4 Bg7 5. Nc3 Nc6 6. Be3 d6 7. d5 Ne5 8.
Nf3 e6 9. dxe6 Bxe6 10. Nxe5 Bxe5 11. Bd4 Qf6 12. Bxe5 Qxe5 13. Qa4+ Bd7
14. Bb5 Bxb5 15. Nxb5 Rd8 16. Nxd6+ Kf8 17. Nc4 Qxe4+ 18. Kf1 Rd4 19. Qb4+
Ne7 20. Re1 Qh4 21. Qc3 Nd5 22. Qa3+ Kg7 23. Ne3 Re8 24. Nxd5 Rxe1+ 25.
Kxe1 Qe4+ 26. Qe3 Qxd5 27. f3 Rd1+ 28. Kf2 Rxh1 { White resigns } 0-1

[Event "ICC tourney 2523 (60 10)"]
[Site "Internet Chess Club"]
[Date "2021.04.17"]
[Round "1"]
[White "ADAMS, CAITLIN ALA-TOH S:kyrgyzcait"]
[Black "LU, ARIANNA:ChessPandaLu"]
[Result "0-1"]
[ICCResult "White resigns"]
[WhiteElo "802"]
[BlackElo "439"]
[Opening "Ruy Lopez: old Steinitz defense"]
[ECO "C62"]
[NIC "RL.02"]
[Time "10:24:49"]
[PlyCount "74"]
[TimeControl "3600+10"]

1. e4 e5 2. Nf3 Nc6 3. Bb5 d6 4. h3 Bd7 5. O-O Nf6 6. d3 Be7 7. Re1 O-O 8.
Nbd2 a6 9. Ba4 b5 10. Bb3 Na5 11. Nf1 c5 12. c3 Nb7 13. Ng3 a5 14. Bc2 Be6
15. Bg5 a4 16. h4 h6 17. Bxf6 Bxf6 18. h5 Bg4 19. Rf1 Bh4 20. Nh1 Bxh5 21.
g3 Bxf3 22. Qxf3 Qg5 23. d4 Qg6 24. dxe5 dxe5 25. Rad1 Rad8 26. Rc1 Rd2 27.
Bb1 Rxb2 28. Bd3 c4 29. Bc2 Rxa2 30. Qe3 Bg5 31. Qa7 Bxc1 32. Rxc1 Nd6 33.
Qc7 Rc8 34. Qb6 Rb2 35. Qa6 Rb8 36. f4 Nc8 37. Qa5 Qb6+ { White resigns }
0-1

[Event "ICC tourney 2523 (60 10)"]
[Site "Internet Chess Club"]
[Date "2021.04.17"]
[Round "1"]
[White "AHARONIAN, ALEXANDER:Alex2009"]
[Black "bhargava, saarth:bsaarth"]
[Result "1/2-1/2"]
[ICCResult "Game drawn by mutual agreement"]
[WhiteElo "769"]
[BlackElo "247"]
[Opening "Three knights game"]
[ECO "C46"]
[NIC "KP.06"]
[Time "10:24:29"]
[PlyCount "58"]
[TimeControl "3600+10"]

1. e4 e5 2. Nf3 Nc6 3. Nc3 Bc5 4. d3 h6 5. Be2 Nf6 6. O-O O-O 7. Bd2 d6 8.
Qc1 h5 9. Rd1 Ng4 10. Be3 Bxe3 11. fxe3 Bd7 12. h3 Nf6 13. d4 exd4 14. exd4
Re8 15. Bd3 a5 16. Re1 Nb4 17. a3 Nxd3 18. cxd3 c5 19. e5 dxe5 20. dxe5 Nh7
21. Qe3 Bc6 22. Ne4 Bxe4 23. Qxe4 b6 24. Rac1 Nf6 25. Qc4 Nd5 26. Rcd1 Rc8
27. h4 g6 28. Qe4 Nf6 29. Qc4 Nd5 { Game drawn by mutual agreement }
1/2-1/2

[Event "ICC tourney 2523 (60 10)"]
[Site "Internet Chess Club"]
[Date "2021.04.17"]
[Round "1"]
[White "LANKIPALLE, RUTHVIKARAO:ruthvikal"]
[Black "Lee, Shan:Shanlee"]
[Result "1-0"]
[ICCResult "Black checkmated"]
[WhiteElo "567"]
[BlackElo "815"]
[Opening "King's pawn game"]
[ECO "C50"]
[NIC "IG.03"]
[Time "10:24:25"]
[PlyCount "59"]
[TimeControl "3600+10"]

1. e4 e5 2. Nf3 Nc6 3. Bc4 Nd4 4. Nxd4 exd4 5. O-O d6 6. c3 dxc3 7. Nxc3
Nf6 8. d3 Bg4 9. Qb3 Bh5 10. Qxb7 Be7 11. Bb5+ Nd7 12. Bxd7+ Kxd7 13. Qb5+
c6 14. Qxh5 g6 15. Qg4+ Ke8 16. Rd1 h5 17. Qf3 Qd7 18. d4 Rd8 19. Be3 a5
20. a3 Rb8 21. b4 Bd8 22. d5 cxd5 23. Nxd5 Qg4 24. Nf6+ Bxf6 25. Qxf6 Rf8
26. Rxd6 Qxe4 27. Bg5 Qe2 28. Rad1 Qxd1+ 29. Rxd1 Rc8 30. Qe7# { Black
checkmated } 1-0

[Event "ICC tourney 2523 (60 10)"]
[Site "Internet Chess Club"]
[Date "2021.04.17"]
[Round "1"]
[White "MONSUR, NIRVANA:nirvana2020"]
[Black "Condon, Dylan:DeDeBoy"]
[Result "1-0"]
[ICCResult "Black resigns"]
[WhiteElo "915"]
[BlackElo "685"]
[Opening "Two knights defense"]
[ECO "C57"]
[NIC "KP.01"]
[Time "10:24:36"]
[PlyCount "75"]
[TimeControl "3600+10"]

1. e4 e5 2. Nf3 Nc6 3. Bc4 Nf6 4. Ng5 d5 5. exd5 Nxd5 6. Qf3 Be6 7. Nxe6
fxe6 8. Bb5 Qd6 9. O-O O-O-O 10. a3 Qc5 11. c4 Nd4 12. Qd3 Nxb5 13. cxb5
Nf4 14. Qf3 Rd3 15. Qe4 Rd4 16. Qe3 Qd5 17. f3 Rd3 18. Nc3 Qc4 19. Qxe5
Bc5+ 20. Kh1 Rf8 21. Re1 Bd4 22. Qe4 e5 23. g3 Nh3 24. Qg4+ Kb8 25. Qxh3
Bc5 26. Qxh7 Rdxf3 27. d3 Qd4 28. Bg5 a6 29. Qxg7 Qf2 30. Ne4 Qxb2 31. Nxc5
Rf2 32. Qh6 e4 33. Nd7+ Ka7 34. Nxf8 e3 35. Bxe3+ b6 36. Bxf2 Qxf2 37. Qc6
Qf3+ 38. Qxf3 { Black resigns } 1-0

[Event "ICC tourney 2523 (60 10)"]
[Site "Internet Chess Club"]
[Date "2021.04.17"]
[Round "1"]
[White "VURAL, TAYGA:Tayga"]
[Black "ENGI, DANIEL:BBDaniel"]
[Result "0-1"]
[ICCResult "White checkmated"]
[WhiteElo "811"]
[BlackElo "523"]
[Opening "Hungarian defense"]
[ECO "C50"]
[NIC "IG.03"]
[Time "10:24:29"]
[PlyCount "112"]
[TimeControl "3600+10"]

1. e4 e5 2. Nf3 Nc6 3. Bc4 Be7 4. d4 d6 5. O-O Bg4 6. h3 Bh5 7. Qd3 Bxf3 8.
Qxf3 Nf6 9. dxe5 Nxe5 10. Qb3 Nxe4 11. Re1 Nc5 12. Qc3 O-O 13. Be2 Bf6 14.
Qg3 Re8 15. Nc3 Bh4 16. Qf4 Ne6 17. Qg3 Bxg3 18. fxg3 Nd4 19. Rd1 Nxc2 20.
Rb1 Nc6 21. Bd3 N2b4 22. Bf4 Nxd3 23. Rxd3 Nb4 24. Rd2 d5 25. a3 Nc6 26.
Nxd5 Ne7 27. Bxc7 Qd7 28. Nxe7+ Qxe7 29. Bf4 Rad8 30. Rbd1 Rxd2 31. Bxd2
Rd8 32. Re1 Qc5+ 33. Be3 Qe5 34. Kf2 Qxb2+ 35. Re2 Qxa3 36. Bf4 b5 37. Bc7
Rc8 38. Be5 b4 39. Bd6 a5 40. Bc7 b3 41. Be5 Re8 42. Ke1 b2 43. Bxb2 Rxe2+
44. Kxe2 Qxb2+ 45. Kf3 a4 46. h4 a3 47. Kg4 a2 48. Kh3 a1=Q 49. g4 Qh1+ 50.
Kg3 Qb3+ 51. Kf4 g6 52. Kg5 Qb5+ 53. Kf6 Qhf1+ 54. Ke7 Qb7+ 55. Ke8 Qc1 56.
Kd8 Qcc8# { White checkmated } 0-1

[Event "ICC tourney 2523 (60 10)"]
[Site "Internet Chess Club"]
[Date "2021.04.17"]
[Round "2"]
[White "VETRI, PALMER:pvetri99"]
[Black "SARR, MALICK:SABX4GOAT"]
[Result "1-0"]
[ICCResult "Black checkmated"]
[WhiteElo "921"]
[BlackElo "681"]
[Opening "Giuoco Piano: four knights variation"]
[ECO "C47"]
[NIC "KP.06"]
[Time "13:16:48"]
[PlyCount "71"]
[TimeControl "3600+10"]

1. e4 e5 2. Nf3 Nc6 3. Nc3 Nf6 4. Bc4 Bc5 5. h3 O-O 6. O-O h6 7. d3 d6 8.
Be3 Bb6 9. Nd5 Be6 10. b3 Qd7 11. Nxf6+ Kh8 12. Nxd7 Rfd8 13. Nxb6 cxb6 14.
Bd5 Rf8 15. Bxc6 bxc6 16. c4 d5 17. cxd5 cxd5 18. exd5 Bxd5 19. Rc1 Bxf3
20. Qxf3 Kg8 21. Qg3 Rfe8 22. Bxh6 g6 23. Be3 e4 24. dxe4 Rxe4 25. Qf3 Re6
26. Qxa8+ Re8 27. Qxe8+ Kg7 28. Rc7 Kf6 29. Qxf7+ Ke5 30. Qf4+ Ke6 31. Rc6+
Kd5 32. Rc4 Ke6 33. Rd1 Ke7 34. Rd6 Ke8 35. Qf6 a6 36. Rc8# { Black
checkmated } 1-0

[Event "ICC tourney 2523 (60 10)"]
[Site "Internet Chess Club"]
[Date "2021.04.17"]
[Round "2"]
[White "SRINIVAS, AASHISH:aashish1212"]
[Black "LIAO, KATY LEE:KatyLiao"]
[Result "1-0"]
[ICCResult "Black checkmated"]
[WhiteElo "676"]
[BlackElo "857"]
[Opening "Two knights defense (Modern bishop's opening)"]
[ECO "C55"]
[NIC "IG.01"]
[Time "13:16:48"]
[PlyCount "61"]
[TimeControl "3600+10"]

1. e4 e5 2. Nf3 Nc6 3. Bc4 Nf6 4. d3 h6 5. O-O Bc5 6. Be3 Bb6 7. Nbd2 O-O
8. Nh4 d6 9. Qf3 Bg4 10. Qg3 Qd7 11. h3 Be6 12. Bxh6 Nh5 13. Qg5 g6 14.
Bxf8 Rxf8 15. Nxg6 fxg6 16. Qxg6+ Kh8 17. Qxh5+ Kg7 18. Nf3 Bxc4 19. dxc4
Kf6 20. Qh6+ Ke7 21. Qg7+ Ke8 22. Qg6+ Kd8 23. b4 Ne7 24. Qg5 c5 25. Rad1
cxb4 26. Nxe5 Qc8 27. Rxd6+ Ke8 28. Qh5+ Ng6 29. Nxg6 Rf7 30. Ne5 Bc7 31.
Qxf7# { Black checkmated } 1-0

[Event "ICC tourney 2523 (60 10)"]
[Site "Internet Chess Club"]
[Date "2021.04.17"]
[Round "2"]
[White "SHAH, NIKHIL:NShah08"]
[Black "SANTIAGO, WYATT:FierceLeopard"]
[Result "1-0"]
[ICCResult "Black checkmated"]
[WhiteElo "890"]
[BlackElo "642"]
[Opening "Four knights: Spanish, classical defense"]
[ECO "C48"]
[NIC "KP.03"]
[Time "13:16:51"]
[PlyCount "85"]
[TimeControl "3600+10"]

1. e4 e5 2. Nf3 Nc6 3. Bb5 Nf6 4. Nc3 Bc5 5. O-O O-O 6. Bxc6 dxc6 7. Nxe5
Qd4 8. Nf3 Qd6 9. e5 Qd8 10. exf6 gxf6 11. d4 Bd6 12. Bh6 Bg4 13. h3 Bh5
14. g4 Bg6 15. Nh4 Bf4 16. Bxf4 h6 17. Bxh6 Qd6 18. Nxg6 fxg6 19. Bxf8 Kxf8
20. Ne4 Qd5 21. Qf3 Kf7 22. Qxf6+ Kg8 23. Qxg6+ Kf8 24. Qh6+ Kf7 25. Qf6+
Ke8 26. Qg6+ Kd7 27. Nf6+ Kd6 28. Nxd5+ Kxd5 29. c4+ Kxc4 30. Qe4 Kb5 31.
Rac1 Kb6 32. Rfd1 c5 33. dxc5+ Ka6 34. Qb4 b5 35. Rc3 c6 36. Ra3+ Kb7 37.
Rd7+ Kc8 38. Raxa7 Rxa7 39. Rxa7 Kd8 40. Qa5+ Kc8 41. Qb6 b4 42. Qb7+ Kd8
43. Qd7# { Black checkmated } 1-0

[Event "ICC tourney 2523 (60 10)"]
[Site "Internet Chess Club"]
[Date "2021.04.17"]
[Round "2"]
[White "Marshalleck, David T:LionsDavidM"]
[Black "KLIPER, ALMA:AKliper"]
[Result "0-1"]
[ICCResult "White checkmated"]
[WhiteElo "833"]
[BlackElo "662"]
[Opening "Giuoco Piano: four knights variation"]
[ECO "C47"]
[NIC "KP.06"]
[Time "13:17:10"]
[PlyCount "38"]
[TimeControl "3600+10"]

1. e4 e5 2. Nf3 Nc6 3. Nc3 Nf6 4. Bc4 Bc5 5. O-O O-O 6. d3 d6 7. Bg5 Bg4 8.
Nd5 a5 9. Nxf6+ gxf6 10. Bh4 Nd4 11. Bd5 Nxf3+ 12. gxf3 Bh3 13. Re1 Bxf2+
14. Bxf2 Kh8 15. Kh1 Rg8 16. Bxf7 Bg2+ 17. Kg1 Bxf3+ 18. Bxg8 Qxg8+ 19. Kf1
Qg2# { White checkmated } 0-1

[Event "ICC tourney 2523 (60 10)"]
[Site "Internet Chess Club"]
[Date "2021.04.17"]
[Round "2"]
[White "HOWE, WILEY:wileyhowe"]
[Black "LUNA, LIAM:liamluna"]
[Result "0-1"]
[ICCResult "White checkmated"]
[WhiteElo "700"]
[BlackElo "989"]
[Opening "QGD: Marshall defense"]
[ECO "D06"]
[NIC "QP.08"]
[Time "13:16:54"]
[PlyCount "66"]
[TimeControl "3600+10"]

1. d4 d5 2. c4 Nf6 3. cxd5 Qxd5 4. Nc3 Qd8 5. e4 e6 6. Nf3 Nc6 7. Bf4 Bb4
8. Bb5 Bxc3+ 9. bxc3 Nxe4 10. Qd3 Nf6 11. Bg5 Bd7 12. O-O a6 13. Bxc6 Bxc6
14. Ne5 Qd5 15. Qg3 Nh5 16. Qg4 O-O 17. f3 f6 18. Bh4 fxe5 19. Qxh5 exd4
20. cxd4 Qxh5 21. Be7 Rf7 22. Bb4 Bxf3 23. Rae1 Bxg2 24. Kxg2 Qg5+ 25. Kh1
Rxf1+ 26. Rxf1 Rd8 27. Ba3 h6 28. Bc5 b6 29. Bb4 Rxd4 30. Bc3 Rd3 31. Bb2
Rd2 32. Bc1 Qd5+ 33. Kg1 Qg2# { White checkmated } 0-1

[Event "ICC tourney 2523 (60 10)"]
[Site "Internet Chess Club"]
[Date "2021.04.17"]
[Round "2"]
[White "Condon, Dylan:DeDeBoy"]
[Black "MUKHERJI, RAI:RaiChess"]
[Result "0-1"]
[ICCResult "White checkmated"]
[WhiteElo "685"]
[BlackElo "964"]
[Opening "Vienna game"]
[ECO "C25"]
[NIC "VG.04"]
[Time "13:16:49"]
[PlyCount "72"]
[TimeControl "3600+10"]

1. e4 e5 2. Nc3 Bc5 3. Nf3 Nc6 4. Nxe5 Nf6 5. Nxc6 dxc6 6. e5 Ng4 7. Ne4
Qd4 8. Qe2 O-O 9. d3 Bf5 10. Be3 Nxe3 11. fxe3 Qxb2 12. Qd1 Bb4+ 13. Nd2
Bxd2+ 14. Kxd2 Rad8 15. Rb1 Qxe5 16. Rxb7 Qa5+ 17. c3 Qxa2+ 18. Ke1 Rxd3
19. Bxd3 Bxd3 20. Rxc7 Qc2 21. Rd7 Qxd1+ 22. Kxd1 Bf5 23. Rxa7 h6 24. Rf1
Bd3 25. Rf2 Bg6 26. Ra6 Rd8+ 27. Ke1 Rd3 28. Rxc6 Rxe3+ 29. Kd2 Rd3+ 30.
Ke2 Rd8 31. c4 Re8+ 32. Kd2 Rd8+ 33. Ke1 Re8+ 34. Kf1 Bd3+ 35. Kg1 Re1+ 36.
Rf1 Rxf1# { White checkmated } 0-1

[Event "ICC tourney 2523 (60 10)"]
[Site "Internet Chess Club"]
[Date "2021.04.17"]
[Round "2"]
[White "Vesval, Emma:Latecutehat"]
[Black "LEWIS, TROY:saphtroyl"]
[Result "1-0"]
[ICCResult "Black checkmated"]
[WhiteElo "463"]
[BlackElo "794"]
[Opening "Scandinavian defense"]
[ECO "B01"]
[NIC "SD.03"]
[Time "13:16:51"]
[PlyCount "87"]
[TimeControl "3600+10"]

1. e4 d5 2. exd5 Nf6 3. Nc3 Nxd5 4. Bc4 Be6 5. Qf3 Nc6 6. Nxd5 Bxd5 7. Bxd5
Nb4 8. Qxf7+ Kd7 9. Nf3 Nxd5 10. Qxd5+ Ke8 11. Qxd8+ Rxd8 12. d3 Rd7 13.
Be3 Kd8 14. O-O-O Kc8 15. Rhe1 e6 16. Bf4 Bd6 17. Bxd6 Rxd6 18. Ng5 Kd7 19.
Nf7 Rf8 20. Nxd6 cxd6 21. f3 h5 22. h3 g5 23. g4 hxg4 24. fxg4 Rf3 25. Rh1
a5 26. Rdf1 Rxf1+ 27. Rxf1 b5 28. Rf7+ Ke8 29. Rg7 Kf8 30. Rxg5 Kf7 31. h4
Kf6 32. Rxb5 d5 33. h5 Kg5 34. Rxa5 Kh6 35. b4 e5 36. b5 Kg5 37. b6 Kxg4
38. b7 Kxh5 39. b8=Q Kg4 40. Qxe5 Kh4 41. Rxd5 Kg4 42. Qf6 Kg3 43. Rg5+ Kh4
44. Qh6# { Black checkmated } 1-0

[Event "ICC tourney 2523 (60 10)"]
[Site "Internet Chess Club"]
[Date "2021.04.17"]
[Round "2"]
[White "CHEW, ATTICUS:AtticusChew"]
[Black "Romolo, Ryan M:Ryro2013"]
[Result "1-0"]
[ICCResult "Black checkmated"]
[WhiteElo "642"]
[BlackElo "886"]
[Opening "Sicilian: Kan, 5.Nc3"]
[ECO "B43"]
[NIC "SI.41"]
[Time "13:17:16"]
[PlyCount "81"]
[TimeControl "3600+10"]

1. e4 c5 2. Nf3 e6 3. d4 cxd4 4. Nxd4 a6 5. Nc3 Bb4 6. Bd2 h6 7. Bd3 Nf6 8.
O-O Nc6 9. Nxc6 dxc6 10. a3 Ba5 11. b4 Bb6 12. Re1 Qd4 13. Be3 Qd8 14. Qf3
Bxe3 15. Qxe3 O-O 16. Rad1 Qd6 17. e5 Qe7 18. exf6 Qxf6 19. Qe4 Re8 20.
Qh7+ Kf8 21. Be4 Rd8 22. Qh8+ Ke7 23. Rxd8 Bd7 24. Rxa8 Qxc3 25. Rf1 Kd6
26. Qf8+ Ke5 27. Qxg7+ f6 28. Qxd7 Kxe4 29. Qxe6+ Kd4 30. Qxf6+ Kc4 31.
Qxc3+ Kxc3 32. f4 Kxc2 33. f5 Kd3 34. f6 Ke4 35. f7 Ke5 36. f8=Q Kd4 37.
Qf6+ Kc4 38. Qxh6 Kb5 39. Rf5+ Kb6 40. Qh8 a5 41. Qd8# { Black checkmated }
1-0

[Event "ICC tourney 2523 (60 10)"]
[Site "Internet Chess Club"]
[Date "2021.04.17"]
[Round "2"]
[White "HAN, WILLIAM M:LionsWilliamH"]
[Black "LAMA, SUBRINA:sahysubrina"]
[Result "1-0"]
[ICCResult "Black checkmated"]
[WhiteElo "619"]
[BlackElo "872"]
[Opening "Sicilian"]
[ECO "B50"]
[NIC "SI.01"]
[Time "13:16:28"]
[PlyCount "59"]
[TimeControl "3600+10"]

1. e4 c5 2. Nf3 d6 3. Nc3 Nf6 4. Bc4 g6 5. d4 cxd4 6. Nxd4 Bg7 7. O-O O-O
8. Nf3 Nc6 9. Re1 e5 10. Be3 Be6 11. Bxe6 fxe6 12. Qd2 d5 13. exd5 exd5 14.
Bh6 e4 15. Bxg7 Kxg7 16. Ng5 Qc7 17. Nxd5 Qe5 18. Nxf6 Qxf6 19. Qd7+ Ne7
20. h4 Rad8 21. Ne6+ Kh8 22. Qxb7 Qxf2+ 23. Kh1 Rd2 24. Qxe4 Rxc2 25. Qe5+
Rf6 26. Qb8+ Ng8 27. Qb7 Qxh4+ 28. Kg1 Qf2+ 29. Kh1 Rxb2 30. Qg7# { Black
checkmated } 1-0

[Event "ICC tourney 2523 (60 10)"]
[Site "Internet Chess Club"]
[Date "2021.04.17"]
[Round "2"]
[White "FLORES, MILES GREGORIO  DOWSHEN :MilesFlores"]
[Black "PLASSE, ANDREW:dplasse"]
[Result "0-1"]
[ICCResult "White checkmated"]
[WhiteElo "660"]
[BlackElo "835"]
[Opening "Four knights: Scotch, 4...exd4"]
[ECO "C47"]
[NIC "KP.06"]
[Time "13:17:16"]
[PlyCount "78"]
[TimeControl "3600+10"]

1. e4 e5 2. Nf3 Nc6 3. Nc3 Nf6 4. d4 exd4 5. Nxd4 Bb4 6. Nxc6 bxc6 7. Bd3
d5 8. O-O dxe4 9. Nxe4 Nxe4 10. Bxe4 O-O 11. Bxc6 Rb8 12. Qxd8 Rxd8 13. Bf4
Bd6 14. Bxd6 cxd6 15. Rfe1 Ba6 16. Re7 Rb6 17. Re8+ Rxe8 18. Bxe8 Rxb2 19.
Re1 h6 20. h3 Rxc2 21. Rd1 Rxa2 22. Rc1 Kf8 23. Bd7 Ke7 24. Bg4 d5 25. Rc7+
Kd8 26. Rxa7 Ra1+ 27. Kh2 d4 28. Rd7+ Ke8 29. Rxd4 Ra2 30. f3 Bf1 31. Kg1
Bxg2 32. Re4+ Kf8 33. Bd7 f6 34. Be6 Bxf3 35. Re3 Ra1+ 36. Kf2 Bc6 37. Bf5
Ra2+ 38. Kg3 Rg2+ 39. Kf4 g5# { White checkmated } 0-1

[Event "ICC tourney 2523 (60 10)"]
[Site "Internet Chess Club"]
[Date "2021.04.17"]
[Round "2"]
[White "ROSS, EVAN D:Evan2win"]
[Black "VUCETIC, LUCA K:LucaV"]
[Result "1-0"]
[ICCResult "Black checkmated"]
[WhiteElo "866"]
[BlackElo "678"]
[Opening "Ruy Lopez: Berlin defense, Beverwijk variation"]
[ECO "C65"]
[NIC "RL.07"]
[Time "13:17:04"]
[PlyCount "71"]
[TimeControl "3600+10"]

1. e4 e5 2. Nf3 Nc6 3. Bb5 Nf6 4. O-O Bc5 5. c3 Nxe4 6. Re1 Nf6 7. Bxc6
dxc6 8. Nxe5 Be6 9. d4 Bd6 10. Bg5 O-O 11. Nd2 Bxe5 12. dxe5 Qd5 13. Bxf6
gxf6 14. exf6 Bd7 15. Re7 c5 16. c4 Qg5 17. Rxd7 Rad8 18. Rd5 Qh6 19. Ne4
Rfe8 20. Rxd8 Rxd8 21. Qxd8+ Qf8 22. Qxf8+ Kxf8 23. Nxc5 b6 24. Nd7+ Ke8
25. Ne5 Kd8 26. Nxf7+ Kd7 27. Ng5 Ke8 28. Re1+ Kf8 29. Nxh7+ Kf7 30. Re7+
Kg8 31. f7+ Kg7 32. f8=Q+ Kg6 33. Rg7+ Kh6 34. Ng5 Kh5 35. Ne4 Kh4 36. Qh8#
{ Black checkmated } 1-0